cohdb
Replays
Latest Replays
All Replays
Popular Replays
Top Player Replays
Match Explorer
How It Works
Community
CoH3 Stats
Reddit
Sign in to upload your games and track your stats! →
Sign in with Steam
Match 40556689
Unlisted
Match 40556689
Overview
Messages
Build Orders
End
Construct Infanterie Kompanie
Selects Breakthrough Battlegroup
Grenadier Squad
MG 42 Machine Gun Team
Grenadier Squad
Construct Panzergrenadier Kompanie
Panzergrenadier Squad
Panzergrenadier Squad
Medical Station
Selects Assault Grenadiers
Selects Smoke Bombing Run
Selects Incendiary Bombing Run
Pak 40 Anti-tank Gun Team
Pak 40 Anti-tank Gun Team
Incendiary Bombing Run
Support Elements
StuG III G Assault Gun
StuG III G Assault Gun
Pioneer Squad
StuG III G Assault Gun
Incendiary Bombing Run
Side Skirts
Smoke Bombing Run
StuG III G Assault Gun
Selects 2.5-tonne Cargo Truck
Selects Blitzkrieg
StuG III G Assault Gun
SpajN
Bear
SanSani
Sponge Bob
MZMZ
jerjawe
0
0
Comments
sign in to comment!
No comments posted yet!